[Event "*** Titled Tuesday Blitz"]
[Site "Chess.com"]
[Date "2020.05.19"]
[Round "3"]
[White "Incognito2525"]
[Black "besarquis"]
[Result "1-0"]
[WhiteElo "2489"]
[BlackElo "2185"]
[TimeControl "180+1"]
[EndTime "12:28:45 PDT"]
[Termination "Incognito2525 won by checkmate"]

1. e4 e5 2. Nf3 Nc6 3. Bc4 Bc5 4. O-O Nf6 5. d4 Bxd4 6. Nxd4 Nxd4 7. Be3 Nc6 8. f4 d6 9. Nc3 O-O 10. f5 h6 11. Rf3 Ne7 12. Rg3 Kh7 13. Qf3 c6 14. Rd1 b5 15. Bb3 b4 16. Ne2 Qc7 17. Rh3 Neg8 18.
Ng3 c5 19. Bc4 Bb7 20. Bg5 a5 21. Qe3 Rad8 22. Nh5 Nxe4 23. Bxd8 Qxd8 24. Ng3 Ng5 25. Rh5 f6 26. h4 Nf7 27. Ne4 d5 28. Nxc5 d4 29.
Nxb7 Qc7 30. Qg3 Qxc4 31. Qg6+ Kh8 32. Nxa5 Qxc2 33. Rf1 Qxb2 34. Rf3 Qxa2 35. Rg3 Qb1+ 36. Kh2 Ng5 37. hxg5 fxg5 38. Rgxg5 Rf7 39. Qxf7 Qe4 40. Qxg7# 1-0

[Event "*** Titled Tuesday Blitz"]
[Site "Chess.com"]
[Date "2020.05.19"]
[Round "3"]
[White "GMStefanova"]
[Black "Tacticusbd"]
[Result "1-0"]
[WhiteElo "2619"]
[BlackElo "2401"]
[TimeControl "180+1"]
[EndTime "12:28:46 PDT"]
[Termination "GMStefanova won on time"]

1. d4 e6 2. Nf3 c5 3. e3 Nf6 4. Bd3 Be7 5. O-O b6 6. c4 Bb7 7. Nc3 cxd4 8. exd4 d6 9. d5 e5 10.
Ng5 Nbd7 11. Qf3 a6 12. b3 Qc7 13. Qg3 b5 14. f4 bxc4 15. bxc4 g6 16. Kh1 Rg8 17. Rb1 h6 18. Nge4 Nh5 19. Qh3 f5 20. Ng3 Nxg3+ 21. hxg3 e4 22. Be2 Bf6 23. Na4 h5 24. Bxh5 gxh5 25. Qxf5 Bc8 26. Qxe4+ Kf8 27. f5 Ne5 28. c5 dxc5 29. d6 Qc6 30. Bh6+ Kf7 31.
Qf4 Rg4 32. Qd2 Rxa4 33. Bg5 Bb7 34. Bxf6 1-0

[Event "*** Titled Tuesday Blitz"]
[Site "Chess.com"]
[Date "2020.05.19"]
[Round "3"]
[White "kintoho"]
[Black "FeketeBarika"]
[Result "1-0"]
[WhiteElo "2442"]
[BlackElo "2269"]
[TimeControl "180+1"]
[EndTime "12:28:46 PDT"]
[Termination "kintoho won by resignation"]

1. e4 e6 2. d4 d5 3. exd5 exd5 4. c4 Nf6 5. Nc3 Be7 6. Nf3 O-O 7. cxd5 Nxd5 8.
Bd3 h6 9. h3 Bf6 10. O-O c6 11. a3 Be6 12. Bc2 Ne7 13. Ne4 Nd7 14. Bf4 Ng6 15.
Be3 Re8 16. Re1 Nb6 17. Nc5 Qc7 18. Rc1 Rad8 19. Qd3 Nf8 20. b3 Nd5 21. Nxe6 Rxe6 22. Bd2 Rde8 23. Rxe6 Rxe6 24. Qf5 Qe7 25. Bd3 Qxa3 26.
Bc4 Rd6 27. Re1 Rd8 28. Bxd5 Rxd5 29. Qc8 Rd8 30. Qxb7 c5 31. dxc5 Qxc5 32. Be3 Qc2 33. Bxa7 Rd7 34. Qb5 Rxa7 35. Re8 Re7 36. Ra8 Qd1+ 37.
Kh2 Qd6+ 38. g3 Rd7 39. b4 Rd8 40. Ra6 Qd1 41. Qc6 Qe2 42. Kg2 Re8 43. b5 Ne6 44.
Qxe8+ Kh7 45. Qxf7 Ng5 46. Nxg5+ Bxg5 47. Qf5+ Kg8 48.
Ra8+ 1-0

[Event "*** Titled Tuesday Blitz"]
[Site "Chess.com"]
[Date "2020.05.19"]
[Round "3"]
[White "OparinGrigoriy"]
[Black "Yashasd1995"]
[Result "1-0"]
[WhiteElo "2906"]
[BlackElo "2570"]
[TimeControl "180+1"]
[EndTime "12:28:47 PDT"]
[Termination "OparinGrigoriy won by resignation"]

1. Nf3 Nf6 2. c4 e6 3. d4 d5 4. g3 Be7 5. Bg2 Nbd7 6. Nc3 c6 7. b3 O-O 8. Bb2 b6 9. O-O a5 10. Qd3 Ba6 11. e4 Rc8 12. Rfd1 h6 13. Rac1 Re8 14.
Bf1 Qc7 15. e5 Nh7 16. h4 Qb7 17. Qe3 Nhf8 18. Ne2 c5 19. cxd5 exd5 20. Bh3 Ne6 21. Nf4 Ndf8 22. dxc5 Bxc5 23. Nd4 Rcd8 24. Re1 Bb4 25.
Bc3 Nc5 26. Bxb4 axb4 27. Bg2 Nfe6 28. Nfxe6 fxe6 29. Red1 Rc8 30. Qd2 Nd3 31. Rxc8 Qxc8 32. Qe3 Kh8 33. Rxd3 Bxd3 34. Qxd3 Qc1+ 35. Kh2 Qe1 36.
f4 Rc8 37. Nxe6 d4 38. Qg6 Rg8 39. Nxd4 Qd2 40. Nf5 Qd7 41. e6 Qc7 42. e7 Qd7 43. Nxh6 1-0

[Event "*** Titled Tuesday Blitz"]
[Site "Chess.com"]
[Date "2020.05.19"]
[Round "3"]
[White "sari07"]
[Black "SGchess01"]
[Result "1/2-1/2"]
[WhiteElo "2446"]
[BlackElo "2722"]
[TimeControl "180+1"]
[EndTime "12:28:48 PDT"]
[Termination "Game drawn by agreement"]

1. d4 Nf6 2. c4 e6 3. Nc3 Bb4 4.
Qc2 O-O 5. Nf3 d6 6. g3 c5 7. Bg2 Nc6 8. dxc5 dxc5 9. O-O Nd4 10. Nxd4 cxd4 11. Ne4 h6 12. a3 Be7 13. b4 a5 14. Bd2 axb4 15. axb4 Rxa1 16. Rxa1 Qc7 17.
c5 e5 18. Nxf6+ Bxf6 19. b5 Be7 20. Bb4 b6 21. Rc1 Be6 22. Bc6 bxc5 23. Bxc5 Rb8 24. Bxe7 Qxe7 25. Qc5 Qg5 26. f4 exf4 27. Qxg5 hxg5 28.
gxf4 gxf4 29. Rd1 Bc4 30. Kf2 Rb6 31. Rxd4 Bxb5 32. Bxb5 Rxb5 33. Rxf4 g5 34. Rd4 Kg7 35. Rd6 Rb3 36. Kg2 f6 37. Kf2 Kg6 38. Rd8 g4 39.
Rd5 f5 40. Rd8 Kg5 41. Rd4 Rb2 42. Ra4 f4 43. Ra8 f3 44. Rg8+ Kf5 45. Rf8+ Ke4 46. Re8+ Kd4 47. Rd8+ Kc3 48. Rc8+ Kd4 49. Rd8+ Kc5 50.
Re8 Kd6 51. Kf1 Rb1+ 52. Kf2 Rb2 53. Kf1 Kd5 54. exf3 gxf3 55. Re3 Rxh2 56. Rxf3 1/2-1/2

[Event "*** Titled Tuesday Blitz"]
[Site "Chess.com"]
[Date "2020.05.19"]
[Round "3"]
[White "marianokar"]
[Black "Semen_Khanin"]
[Result "0-1"]
[WhiteElo "2413"]
[BlackElo "2653"]
[TimeControl "180+1"]
[EndTime "12:28:48 PDT"]
[Termination "Semen_Khanin won by resignation"]

1. e4 c5 2. Nf3 e6 3. d3 Nc6 4. g3 g6 5. Bg2 Bg7 6. O-O Nge7 7. c3 O-O 8. d4 d6 9. Na3 b6 10. Re1 Bb7 11. h4 h6 12. Bf4 e5 13. dxe5 dxe5 14. Be3 Bc8 15. h5 g5 16. Nd2 Be6 17. Bf1 Qd7 18. Bc4 Bg4 19. Be2 Bh3 20. Ndc4 Qxd1 21.
Raxd1 Be6 22. Nb5 Rad8 23. Nc7 Bc8 24. a4 f5 25. exf5 Nxf5 26. Nd5 e4 27. Bg4 Be6 28. Bxf5 Bxf5 29. Nc7 Bg4 30. Rxd8 Rxd8 31. a5 Rd7 32. axb6 axb6 33. Nb5 Bxh5 34. Nxb6 Rd8 35. Bxc5 Ne5 36.
Bd4 Nf3+ 0-1

[Event "*** Titled Tuesday Blitz"]
[Site "Chess.com"]
[Date "2020.05.19"]
[Round "3"]
[White "wild_cat99"]
[Black "Ceejay271"]
[Result "0-1"]
[WhiteElo "2565"]
[BlackElo "2402"]
[TimeControl "180+1"]
[EndTime "12:28:48 PDT"]
[Termination "Ceejay271 won on time"]

1. Nf3 d5 2. e3 Nf6 3. c4 c6 4. Nc3 g6 5. b3 Bg7 6. Bb2 O-O 7.
Be2 Bg4 8. O-O e6 9. Rc1 Nbd7 10. Rc2 Re8 11. Qa1 a6 12. cxd5 cxd5 13. e4 Nxe4 14. Ne1 Bxe2 15. Nxe2 Bxb2 16. Qxb2 Rc8 17. Rxc8 Qxc8 18.
d3 Nd6 19. Nf3 e5 20. Rc1 Qd8 21. Nd2 Qg5 22. d4 e4 23. Rc3 Nf5 24. Nf1 Nf6 25.
a4 Nh5 26. b4 Nf4 27. Nxf4 Qxf4 28. Ne3 Nxd4 29. Nxd5 Qe5 30. Ne3 Ne2+ 31. Qxe2 Qxc3 32. g4 Qxb4 33. Qc2 Qd4 34. g5 h5 35. gxh6 Kh7 36. Qc7 Qf6 37. Qxb7 Re7 38. Qc8 Qg5+ 39. Kh1 Qxh6 40.
Qxa6 Qf4 41. Qf1 Re5 42. h3 Rh5 43. Kg2 Qf3+ 44. Kg1 Rxh3 0-1

[Event "*** Titled Tuesday Blitz"]
[Site "Chess.com"]
[Date "2020.05.19"]
[Round "3"]
[White "AlanZhang"]
[Black "killer311"]
[Result "0-1"]
[WhiteElo "2201"]
[BlackElo "2406"]
[TimeControl "180+1"]
[EndTime "12:28:48 PDT"]
[Termination "killer311 won on time"]

1. e4 c6 2. d4 d5 3. Nc3 dxe4 4. Nxe4 Bf5 5. Ng3 Bg6 6. h4 h6 7. Nf3 Nf6 8. h5 Bh7 9. Bd3 Bxd3 10. Qxd3 e6 11.
Bd2 c5 12. O-O-O Nc6 13. Be3 Qb6 14. Ne4 Nxe4 15. Qxe4 Be7 16. dxc5 Bxc5 17. Ne5 Bxe3+ 18.
fxe3 Nxe5 19. Qxe5 O-O 20. Rd6 Qb4 21. Rhd1 Rac8 22.
R6d4 Qc5 23. Qxc5 Rxc5 24. g4 Rfc8 25. Rd8+ Rxd8 26. Rxd8+ Kh7 27. Rd7 Rg5 28. Rxb7 f6 29. Rxa7 Rxg4 30. a4 Rg5 31. a5 Rxh5 32. b4 Rb5 33. c3 h5 34. Kd2 h4 35. Ke2 h3 36.
Kf2 Rg5 37. Rd7 Rg2+ 38. Kf3 Rg1 39. Rd2 Rc1 40. a6 Rxc3 41. b5 Ra3 42. b6 Rxa6 43.
Rb2 Ra8 44. b7 Rb8 45. Kg3 Kg6 46. Kxh3 Kf5 47. Kg3 Ke4 48. Kf2 e5 49. Rb6 f5 50.
Ke2 f4 51. Rb4+ Kf5 52. exf4 exf4 53. Kf3 g5 54. Rb5+ Kf6 55. Kg4 Ke6 56. Rb6+ Kd5 0-1

[Event "*** Titled Tuesday Blitz"]
[Site "Chess.com"]
[Date "2020.05.19"]
[Round "3"]
[White "rasmussvane"]
[Black "attack2mateU"]
[Result "1-0"]
[WhiteElo "2895"]
[BlackElo "2626"]
[TimeControl "180+1"]
[EndTime "12:28:49 PDT"]
[Termination "rasmussvane won on time"]

1. Nf3 Nf6 2. g3 g6 3. Bg2 d5 4. O-O Bg7 5. d4 O-O 6. c4 dxc4 7. Na3 c3 8. bxc3 c5 9. Ne5 Nc6 10. Nac4 cxd4 11. Nxc6 bxc6 12. cxd4 Be6 13. Ne5 c5 14. Ba3 cxd4 15. Nc6 Qe8 16. Bxe7 Nd5 17. Bxf8 Kxf8 18. Nxd4 Nc3 19. Nxe6+ Qxe6 20. Qb3 Nxe2+ 21. Kh1 Qxb3 22. axb3 Bxa1 23. Bxa8 Bd4 24. Kg2 Nc3 25. Re1 Bb6 26. Bc6 Na2 27. Re8+ Kg7 28. Bd5 Nb4 29. Bc4 Nc6 30. f4 Nd8 31. Re7 Kf6 32. Rd7 Ne6 33. Kf3 h5 34. h3 Bc5 35. g4 hxg4+ 36. hxg4 g5 37. f5 Nf8 38. Rxf7+ Ke5 39. Rc7 Bd6 40. Rxa7 1-0

[Event "*** Titled Tuesday Blitz"]
[Site "Chess.com"]
[Date "2020.05.19"]
[Round "3"]
[White "Rakesh"]
[Black "doons21"]
[Result "1-0"]
[WhiteElo "2375"]
[BlackElo "2541"]
[TimeControl "180+1"]
[EndTime "12:28:49 PDT"]
[Termination "Rakesh won by checkmate"]

1. e4 e6 2. d4 d5 3. Bd3 dxe4 4. Bxe4 Nf6 5. Bf3 Nc6 6. Ne2 e5 7. Bxc6+ bxc6 8. dxe5 Qxd1+ 9. Kxd1 Ng4 10. Be3 Nxe3+ 11. fxe3 Bc5 12. Nd4 Bg4+ 13. Kc1 O-O-O 14. c3 Rhe8 15.
Nd2 f6 16. N2b3 Bb6 17. exf6 gxf6 18. Re1 Re4 19. a4 a5 20. Nd2 Ree8 21. Kc2 c5 22.
Nb5 Re6 23. h3 Bf5+ 24. e4 Rde8 25. Kd3 c4+ 26. Kxc4 Bxe4 27. Nxe4 Rxe4+ 28. Rxe4 Rxe4+ 29. Kd3 Re3+ 30. Kd2 Rg3 31. Rf1 Rxg2+ 32. Kc1 Be3+ 33. Kb1 Bg5 34. Nd4 Rg3 35. Nc6 Rxh3 36. Nxa5 Rh4 37. b3 Rh2 38. Nc6 h5 39. a5 Kb7 40.
Nb4 h4 41. a6+ Ka7 42. Rf5 h3 43. Rb5 Rh1+ 44. Kc2 Rc1+ 45. Kd3 h2 46. Rb7+ Ka8 47.
Nc6 Rd1+ 48. Kc4 Rd8 49. Ra7# 1-0

[Event "*** Titled Tuesday Blitz"]
[Site "Chess.com"]
[Date "2020.05.19"]
[Round "3"]
[White "Doukis"]
[Black "GM4life"]
[Result "1-0"]
[WhiteElo "2369"]
[BlackElo "2192"]
[TimeControl "180+1"]
[EndTime "12:28:49 PDT"]
[Termination "Doukis won by resignation"]

1. d4 Nf6 2. c4 e6 3. Nc3 Bb4 4. a3 Bxc3+ 5. bxc3 c5 6. e3 Nc6 7. Bd3 O-O 8. Ne2 b6 9. e4 Ne8 10. O-O Ba6 11. f4 f5 12. e5 d5 13. cxd5 Bxd3 14. Qxd3 Qxd5 15. c4 Qd7 16. d5 Rd8 17. Nc3 Nc7 18.
d6 Ne8 19. Be3 Qf7 20. Bf2 Rd7 21. Bh4 Qh5 22. g3 Nd4 23. Qd1 Qg6 24. Nb5 a6 25. Nxd4 cxd4 26. Qxd4 b5 27. c5 Rb7 28. c6 Rb8 29. d7 Nc7 30. Qd6 Nd5 31. c7 Nxc7 32. Qxc7 Qg4 33. d8=Q Rbxd8 34. Bxd8 Qe2 35.
Be7 Qe3+ 36. Rf2 Ra8 37. Qc6 Rb8 38. Qxe6+ Kh8 39. Rd1 h6 40. Qxf5 Qb3 41. Qd3 Qe6 42. Bd6 Rd8 43. f5 Qc8 44. e6 Re8 45. e7 Qd7 46.
Qd5 Kh7 47. Qe6 Qc6 48. f6 gxf6 49. Qxf6 Rg8 50. Qf5+ Kh8 51. Be5+ Rg7 52. Qf8+ 1-0

[Event "*** Titled Tuesday Blitz"]
[Site "Chess.com"]
[Date "2020.05.19"]
[Round "3"]
[White "bakki78"]
[Black "florianschwabeneder"]
[Result "1-0"]
[WhiteElo "2751"]
[BlackElo "2511"]
[TimeControl "180+1"]
[EndTime "12:28:50 PDT"]
[Termination "bakki78 won on time"]

1. e4 c5 2. c3 e6 3. d4 d5 4. e5 Nc6 5. Nf3 Nh6 6. a3 f6 7. Bxh6 gxh6 8. exf6 Qxf6 9. Bb5 Bd6 10. O-O O-O 11. Re1 a6 12. Bxc6 bxc6 13. Nbd2 cxd4 14. cxd4 c5 15. dxc5 Bxc5 16. Rc1 Bb6 17. b4 Bd7 18. Nb3 Ba4 19. Qd3 Bb5 20. Qd2 Bc4 21.
Nc5 Bxc5 22. bxc5 Rac8 23. Ne5 Bb5 24. c6 Qf4 25. Qb2 d4 26. g3 Qf6 27. Qxd4 Rfd8 28. Qe3 Rd5 29. c7 Qg7 30. Qf4 Rxc7 31. Rxc7 Qxc7 32. Qg4+ Kf8 33. Qxe6 Rd6 34. Qf5+ Kg8 35. Ng4 Qf7 36. Qc8+ Kg7 37. Qc3+ Kf8 38. Qh8+ Qg8 39.
Qe5 Qg6 40. Qe7+ Kg8 41. Ne5 Qe6 42. Qc7 1-0

[Event "*** Titled Tuesday Blitz"]
[Site "Chess.com"]
[Date "2020.05.19"]
[Round "3"]
[White "HouseOfDurin"]
[Black "r31415"]
[Result "0-1"]
[WhiteElo "1988"]
[BlackElo "2465"]
[TimeControl "180+1"]
[EndTime "12:28:50 PDT"]
[Termination "r31415 won on time"]

1. d4 Nf6 2. Bg5 e6 3. e4 h6 4.
Bxf6 Qxf6 5. e5 Qd8 6. f4 d6 7.
Nf3 dxe5 8. fxe5 c5 9. c3 Nc6 10. Bb5 Qb6 11. Bxc6+ bxc6 12. Qc2 Ba6 13. Nbd2 Rb8 14.
b3 cxd4 15. cxd4 Bb4 16. Rc1 Rc8 17. Kf2 O-O 18. Nc4 Qb5 19. a3 Be7 20. b4 Rfd8 21. Rhd1 Rd5 22. Ne3 Rd7 23. h3 Qb7 24. Qc3 Bb5 25.
Nd2 Ba4 26. Re1 Rcd8 27. Nc2 Bh4+ 28. g3 Bg5 29. Rcd1 Bxc2 30. Qxc2 Rxd4 31. Nf3 Rxd1 32. Rxd1 Qb6+ 33. Kg2 Rd5 34. Nxg5 hxg5 35. Rxd5 cxd5 36. Qc5 Qxc5 37. bxc5 Kf8 38. Kf3 Ke7 39. Ke3 Kd7 40.
Kd3 Kc6 41. Kd4 f6 0-1

[Event "*** Titled Tuesday Blitz"]
[Site "Chess.com"]
[Date "2020.05.19"]
[Round "3"]
[White "YellowJacek"]
[Black "2008king"]
[Result "1/2-1/2"]
[WhiteElo "2295"]
[BlackElo "2058"]
[TimeControl "180+1"]
[EndTime "12:28:50 PDT"]
[Termination "Game drawn by repetition"]

1. e4 e5 2. Nf3 Nc6 3. Bb5 a6 4. Ba4 Nf6 5. O-O b5 6. Bb3 Bb7 7. d3 Be7 8. Nc3 d6 9. a4 Nb4 10. axb5 axb5 11. Rxa8 Bxa8 12. Nxb5 O-O 13. c3 Nc6 14. h3 Qb8 15. Na3 Qa7 16. Be3 Qb7 17. Bc1 Rb8 18. Ba2 Nd8 19. b4 Ne6 20. Bxe6 fxe6 21.
Qb3 d5 22. Nxe5 c5 23. exd5 Nxd5 24. Nac4 cxb4 25. cxb4 Nxb4 26. Ne3 Nd5 27. Qxb7 Bxb7 28. Nxd5 Bxd5 29. Be3 Rb2 30. d4 Bf6 31. Ng4 Be7 32. Rc1 Bd6 33. Ne5 Bxe5 34. dxe5 Rb8 35. Kh2 Rf8 36.
Kg3 h6 37. f4 Ra8 38. Rc2 Ra3 39. Kf2 Bxg2 40. Kxg2 Rxe3 41. Rc7 Ra3 42. Re7 Ra6 43. Kg3 Kf8 44. Rb7 g5 45. fxg5 hxg5 46. Kg4 Ra5 47. Kxg5 Rxe5+ 48. Kf6 Rf5+ 49. Kxe6 Rh5 50.
Kf6 Rh6+ 51. Kg5 Rxh3 52. Kf6 Rf3+ 53. Kg5 Rg3+ 54. Kf6 Rf3+ 55. Kg5 Rg3+ 56. Kf6 Rf3+ 1/2-1/2

[Event "*** Titled Tuesday Blitz"]
[Site "Chess.com"]
[Date "2020.05.19"]
[Round "3"]
[White "savagemedusa"]
[Black "OMGCovid-19"]
[Result "1-0"]
[WhiteElo "2262"]
[BlackElo "1842"]
[TimeControl "180+1"]
[EndTime "12:28:50 PDT"]
[Termination "savagemedusa won on time"]

1. d4 Nf6 2. c4 c5 3. d5 b5 4.
cxb5 a6 5. bxa6 Bxa6 6. Nc3 d6 7. e4 Bxf1 8. Kxf1 Nbd7 9. g3 g6 10. Kg2 Bg7 11. a4 O-O 12. Nb5 Ra6 13. Be3 Qb6 14. Qd3 Ng4 15. Bc1 Nge5 16. Qe2 f5 17. f4 Nf7 18.
exf5 gxf5 19. Qxe7 Rxa4 20. Rxa4 Qxb5 21. Ra7 Nb6 22.
Qb7 Bxb2 23. Bxb2 Qxb2+ 24. Kh3 Qb5 25. Ra6 Qf1+ 26. Kh4 Nc4 27. h3 Ne3 28. Ra2 Qd3 29.
Qe7 Nxd5 30. Qe2 Qd4 31. g4 Qf6+ 32. Kg3 fxg4 33. hxg4 Qxf4+ 34. Kh3 Ne5 35. Qg2 Ne3 36. Qg3 Qh6+ 37. Qh4 Qxh4+ 38. Kxh4 N3c4 39. Nh3 Nf3+ 40. Kg3 Nfe5 41. Ng5 1-0

[Event "*** Titled Tuesday Blitz"]
[Site "Chess.com"]
[Date "2020.05.19"]
[Round "3"]
[White "maciek_92"]
[Black "jmduque"]
[Result "1-0"]
[WhiteElo "2740"]
[BlackElo "2496"]
[TimeControl "180+1"]
[EndTime "12:28:51 PDT"]
[Termination "maciek_92 won by checkmate"]

1. e4 c5 2. Nf3 e6 3. d4 cxd4 4. Nxd4 Nc6 5. Nc3 Qc7 6. Be2 a6 7. O-O Nf6 8. Be3 Be7 9. f4 d6 10. Qe1 O-O 11. Qg3 Bd7 12. Rae1 Nxd4 13. Bxd4 Bc6 14.
Bd3 b5 15. a3 Qb7 16. b4 Rac8 17. Qh3 g6 18. f5 e5 19. Be3 Bd7 20. Nd5 Nxd5 21. exd5 Qxd5 22. Bh6 Rfe8 23. Kh1 Rc3 24. Qg3 Bc6 25. Bd2 Rxa3 26. Bc1 Ra1 27. fxg6 fxg6 28. Bxg6 Qxg2+ 29. Qxg2 Bxg2+ 30. Kxg2 hxg6 31. Kf3 Rc8 32. Ke4 Rxc2 33. Kd5 Bg5 34. Bxg5 Rxe1 35. Rxe1 Rc4 36.
h4 Rxb4 37. Kxd6 e4 38. Ke6 Rc4 39. Kd5 Kf7 40. Rf1+ Ke8 41. Rf6 a5 42. Rb6 Rb4 43. Ke6 Kf8 44. Bf6 Kg8 45. Rb8+ Kh7 46. Rh8# 1-0

[Event "*** Titled Tuesday Blitz"]
[Site "Chess.com"]
[Date "2020.05.19"]
[Round "3"]
[White "SchmakAttack"]
[Black "XDPS"]
[Result "1-0"]
[WhiteElo "2441"]
[BlackElo "2681"]
[TimeControl "180+1"]
[EndTime "12:28:51 PDT"]
[Termination "SchmakAttack won by resignation"]

1. e4 e5 2. Nf3 Nc6 3. Bb5 a6 4.
Ba4 d6 5. c3 Bd7 6. O-O Nf6 7.
d4 b5 8. Bb3 Be7 9. Re1 O-O 10.
h3 h6 11. Nbd2 Re8 12. Nf1 Bf8 13. Ng3 Na5 14. Bc2 c5 15. d5 g6 16. Nh2 Bg7 17. f4 exf4 18. Bxf4 Nc4 19. b3 Ne5 20. Rf1 Nh7 21. Nf3 Ng5 22. Nxe5 Bxe5 23. Bxe5 Rxe5 24. Qd2 Qe7 25. h4 Nh7 26. Qxh6 Nf6 27. Qf4 Kg7 28. Rf3 Nh7 29. Raf1 Rf8 30. Ne2 f6 31. Nc1 g5 32.
Qg3 Kg6 33. Nd3 Rxe4 34. Nf2 Bf5 35. Rxf5 Kxf5 36. Bxe4+ 1-0

[Event "*** Titled Tuesday Blitz"]
[Site "Chess.com"]
[Date "2020.05.19"]
[Round "3"]
[White "tgpgoat"]
[Black "shav3184"]
[Result "0-1"]
[WhiteElo "2048"]
[BlackElo "2355"]
[TimeControl "180+1"]
[EndTime "12:28:51 PDT"]
[Termination "shav3184 won on time"]

1. e4 e5 2. Nf3 Nc6 3. Bc4 Bc5 4. c3 Nf6 5. d3 O-O 6. Bb3 d6 7. h3 h6 8. O-O a6 9. Re1 Ba7 10. Nbd2 Ne7 11. Nf1 Ng6 12. Be3 c6 13. Bc2 Re8 14. d4 Qc7 15. Ng3 b5 16. Qd2 Kh7 17. Rad1 c5 18. d5 c4 19. Nh2 Bd7 20. Nhf1 a5 21.
Bxa7 Rxa7 22. Ne3 Nf4 23. Ne2 N6h5 24. Nxf4 Nxf4 25. Nf5 g6 26. Ng3 Rb8 27. Ne2 Nxe2+ 28. Qxe2 b4 29. Qe3 b3 30. axb3 cxb3 31. Bd3 a4 32. f4 a3 33. Ra1 Rba8 34. bxa3 Rxa3 35. Rxa3 Rxa3 36. fxe5 dxe5 37. c4 b2 38. c5 Bb5 0-1

[Event "*** Titled Tuesday Blitz"]
[Site "Chess.com"]
[Date "2020.05.19"]
[Round "3"]
[White "Xtrmntr78"]
[Black "CakeinSpace2002"]
[Result "0-1"]
[WhiteElo "2374"]
[BlackElo "2215"]
[TimeControl "180+1"]
[EndTime "12:28:51 PDT"]
[Termination "CakeinSpace2002 won on time"]

1. c4 c6 2. Nf3 d5 3. g3 Nf6 4.
Bg2 Bf5 5. O-O e6 6. b3 h6 7.
Bb2 Be7 8. d3 O-O 9. Nc3 Nbd7 10. Re1 Bh7 11. Qc2 a5 12. Rac1 Qb6 13. Na4 Qa6 14.
c5 Rfc8 15. e4 b6 16. cxb6 Nxb6 17. Nc5 Qa7 18. Bd4 Qb8 19. Qc3 a4 20. b4 a3 21. Rb1 Na4 22. Qd2 Nxc5 23. Bxc5 Bxc5 24. bxc5 Qa7 25. exd5 cxd5 26. d4 Bxb1 27. Rxb1 Rab8 28.
Rxb8 Rxb8 29. Ne5 Rb2 30. Qc3 Rxa2 31. c6 Ne8 32. Bh3 Nc7 33. Qb4 Rb2 34. Qe7 Nb5 35. Qe8+ Kh7 36. Nxf7 Qxd4 0-1

[Event "*** Titled Tuesday Blitz"]
[Site "Chess.com"]
[Date "2020.05.19"]
[Round "3"]
[White "DonBroca"]
[Black "czasnaszachy"]
[Result "0-1"]
[WhiteElo "2184"]
[BlackElo "2351"]
[TimeControl "180+1"]
[EndTime "12:28:51 PDT"]
[Termination "czasnaszachy won on time"]

1. e4 e5 2. Nf3 Nc6 3. Bb5 a6 4. Ba4 Nf6 5. O-O Be7 6. Re1 b5 7. Bb3 d6 8. c3 O-O 9. h3 Na5 10. Bc2 c5 11. d4 Qc7 12. d5 Bd7 13. Nbd2 Nb7 14. Nf1 c4 15. Ne3 Nc5 16. Nf5 Bxf5 17. exf5 Qb7 18. b4 cxb3 19. axb3 Nxd5 20. b4 Nxc3 21. Qd2 N5e4 22. Qe3 d5 23. Nxe5 Bf6 24.
f4 Rfe8 25. Bb2 Rxe5 26. Bxc3 Rxf5 27. Bxe4 dxe4 28. Bxf6 Rxf6 29. Qxe4 Qxe4 30. Rxe4 Re6 31. Rd4 g6 32. Rd5 Rc8 33. Rd7 Rc4 34. Rb1 Rxf4 35. Rb2 h5 36. Ra7 Kg7 37. g3 Rfe4 38. Kf2 Rf6+ 39.
Kg2 h4 40. gxh4 Rxh4 41. Kg3 Rc4 42. Rb3 Rff4 43. Re7 Rxb4 0-1

[Event "*** Titled Tuesday Blitz"]
[Site "Chess.com"]
[Date "2020.05.19"]
[Round "3"]
[White "Rud_Makarian"]
[Black "Sychev_Klementy"]
[Result "1-0"]
[WhiteElo "2574"]
[BlackElo "2825"]
[TimeControl "180+1"]
[EndTime "12:28:52 PDT"]
[Termination "Rud_Makarian won on time"]

1. d4 Nf6 2. c4 g6 3. Nc3 d5 4.
Bf4 Bg7 5. e3 c5 6. dxc5 Qa5 7.
Rc1 Nbd7 8. cxd5 O-O 9. f3 Nxc5 10. e4 Bd7 11. Bd2 Qb6 12. b4 Na6 13. a3 e6 14.
Bc4 Rac8 15. Qb3 exd5 16. Nxd5 Nxd5 17. Bxd5 Rxc1+ 18. Bxc1 Nc7 19. Be3 Bd4 20. Bxd4 Qxd4 21. Ne2 Qa1+ 22. Qd1 Qxa3 23. O-O Qxb4 24. Bxb7 Ba4 25.
Qb1 Qc5+ 26. Kh1 Rb8 27. Rc1 Qa5 28. Qa1 Rxb7 29. Nc3 Rb4 30. Nd5 Be8 31. Qxa5 1-0

[Event "*** Titled Tuesday Blitz"]
[Site "Chess.com"]
[Date "2020.05.19"]
[Round "3"]
[White "j2806"]
[Black "archess2"]
[Result "1/2-1/2"]
[WhiteElo "2008"]
[BlackElo "2282"]
[TimeControl "180+1"]
[EndTime "12:28:53 PDT"]
[Termination "Game drawn - insufficient material"]

1. e4 c6 2. d4 d5 3. exd5 cxd5 4. Bd3 Nc6 5. c3 Nf6 6. Nf3 Bg4 7. O-O e6 8. Nbd2 Bd6 9. h3 Bh5 10. Qe1 O-O 11. Ne5 Nd7 12. f4 Ndxe5 13. fxe5 Bc7 14. Nf3 Bb6 15. Kh1 Bg6 16. Bxg6 fxg6 17. Ng5 Qe7 18. Bd2 h6 19. Nf3 Rf7 20. Qg3 g5 21. Rf2 Raf8 22. Raf1 Na5 23. Bc1 Nc6 24. Be3 a5 25. a4 Nb8 26. h4 gxh4 27. Nxh4 Rxf2 28. Rxf2 Rxf2 29. Qxf2 Qf7 30. Qg3 Nc6 31. Bxh6 Ne7 32. Be3 Nf5 33. Nxf5 Qxf5 34. Qf4 Qb1+ 35. Bc1 Bd8 36. Kh2 Qc2 37. Qd2 Qxa4 38. Qe3 Qe8 39.
Qd3 Qh5+ 40. Qh3 Qd1 41. Qe3 Bh4 42. Qd2 Qg4 43. Qe3 a4 44. Qf3 Qxf3 45. gxf3 Be1 46.
f4 a3 47. bxa3 Bxc3 48. Be3 Kf7 49. Kg3 Kg6 50. Kg4 Be1 51. a4 b6 52. Bc1 Bc3 53.
Be3 Kf7 54. Bc1 Bxd4 55. Bd2 Bc5 56. a5 bxa5 57. Bxa5 Be7 58. Bd2 Ke8 59. f5 Kd7 60. fxe6+ Kxe6 61. Bf4 d4 62. Kf3 Kd5 63. Ke2 Ke4 64.
Bg3 d3+ 65. Kd2 Bb4+ 66. Kd1 Kf3 67. Bh2 g5 68. e6 g4 69. Be5 g3 70. Bxg3 Kxg3 71.
e7 Bxe7 72. Kd2 Kf4 73. Kxd3 1/2-1/2

[Event "*** Titled Tuesday Blitz"]
[Site "Chess.com"]
[Date "2020.05.19"]
[Round "3"]
[White "Sibelephant"]
[Black "CarlosAlbornoz"]
[Result "1-0"]
[WhiteElo "3180"]
[BlackElo "2677"]
[TimeControl "180+1"]
[EndTime "12:28:54 PDT"]
[Termination "Sibelephant won by resignation"]

1. c4 Nf6 2. g3 e6 3. Bg2 d5 4.
Nf3 Be7 5. O-O O-O 6. cxd5 exd5 7. b3 c6 8. Bb2 a5 9. a3 h6 10. d3 Bf5 11. Nbd2 Nbd7 12. Re1 Bh7 13. Qc2 Re8 14. Rac1 Qb6 15. Bh3 Bc5 16. e3 Bd6 17. Nd4 Ne5 18.
Bf5 Bxf5 19. Nxf5 Bf8 20. Kg2 g6 21. Nh4 Bg7 22. e4 Nfg4 23. d4 Nd7 24. h3 Nxf2 25.
Kxf2 Bxd4+ 26. Kg2 Bxb2 27. Qxb2 Nc5 28. Qd4 Nd7 29.
Qxb6 Nxb6 30. Nhf3 dxe4 31. Nxe4 Nd5 32. Nd6 Rxe1 33.
Rxe1 Rb8 34. Ne5 Rf8 35. Nxb7 Re8 36. Nxa5 c5 37. Kf2 Ra8 38. Nac4 Rb8 39. Nd2 Ra8 40.
Nec4 1-0

[Event "*** Titled Tuesday Blitz"]
[Site "Chess.com"]
[Date "2020.05.19"]
[Round "3"]
[White "Lubov_Gordyk"]
[Black "Bigfish1995"]
[Result "0-1"]
[WhiteElo "2650"]
[BlackElo "2986"]
[TimeControl "180+1"]
[EndTime "12:28:54 PDT"]
[Termination "Bigfish1995 won by resignation"]

1. e4 c5 2. g3 g6 3. Bg2 Bg7 4. Ne2 Nc6 5. d3 b5 6. c3 b4 7. d4 bxc3 8. bxc3 cxd4 9. cxd4 Ba6 10. Nbc3 Qa5 11. O-O Nxd4 12. e5 Nxe2+ 13. Nxe2 Rc8 14. Bf4 Bxe5 15. Bxe5 Qxe5 16. Re1 Nf6 17. Nf4 Qc5 18. Qa4 Bb5 19. Qa5 e6 20. Rab1 a6 21. a4 Ng4 22.
Rb2 Qd4 23. Rd2 Qxa4 24. Qb6 O-O 25. Rd4 Qa3 26. Nxg6 fxg6 27. Rxg4 Qc5 28. Qxc5 Rxc5 29. Rd4 Rfc8 30. h4 Rc1 31. Rxc1 Rxc1+ 32. Kh2 Kf7 33. h5 gxh5 34. Rh4 Rc5 35. Bf3 Kg6 36. Be4+ Kg7 37. Bf3 Rf5 38. Kg2 Kh6 39. g4 Rg5 40. Kh2 Bc6 41. Be2 Re5 42. Bd1 a5 43. f4 Re1 44.
g5+ Kg7 45. Bxh5 Rh1+ 46. Kg3 Rxh4 47. Kxh4 a4 0-1